 Dungeon Crawl Stone Soup version 0.30-a0-34-gbe8da3892a (webtiles) character file.

Game seed: 11944985391248346889

102 Sobieck the Shooter (level 4, -1/23 HPs)
             Began as a Vine Stalker Hunter on Aug 27, 2022.
             Constricted to death by Ijyb (4 damage)
             ... on level 3 of the Dungeon.
             The game lasted 00:03:23 (2132 turns).

Sobieck the Shooter (Vine Stalker Hunter)           Turns: 2132, Time: 00:03:24

Health: -1/23      AC:  4    Str: 14    XL:     4   Next: 78%
Magic:  0/5        EV:  9    Int:  9    God:
Gold:   114        SH:  0    Dex: 19    Spells: 3/3 levels left

rFire   . . .      SeeInvis .    b - +0 rapier {short}
rCold   . . .      Faith    .    (no shield)
rNeg    . . .      Spirit   +    c - +0 leather armour
rPois   .          Reflect  .    (no helmet)
rElec   .          Harm     .    (no cloak)
rCorr   .          Rampage  .    o - +0 pair of gloves
Will    .....                    (no boots)
Stlth   ++........               (no amulet)
HPRegen 0.87/turn                n - ring of flight
MPRegen 0.09/turn                (no ring)

@: grasped by roots, flying, constricted
A: fangs 2, regeneration 1, magic shield, antimagic bite, no potion heal 2
a: no special abilities


You were on level 3 of the Dungeon.
You visited 1 branch of the dungeon, and saw 3 of its levels.

You collected 114 gold pieces.


Innate Abilities, Weirdness & Mutations

You have extremely sharp teeth.
Your natural rate of healing is unusually fast.
When hurt, damage is shared between your health and your magic reserves.
Your bite disrupts and absorbs the magic of your enemies.
Potions cannot restore your health.


   Skills:
 - Level 1.7 Fighting
 + Level 5.4 Ranged Weapons
 - Level 1.5 Dodging
 - Level 1.2 Stealth


You had 3 spell levels left.
You didn't know any spells.
Your spell library contained the following spells:

 Spells                   Type           Power      Damage    Failure   Level
 Conjure Flame            Conj/Fire      0%         6-21      83%         3
 Ignite Poison            Fire/Tmut/Pois 0%         N/A       83%         3
 Sticky Flame             Conj/Fire      0%         2d3       99%         4

Inventory:

Hand Weapons
 a - a +0 shortbow {bow}
 b - a +0 rapier (weapon) {short}
   (You found it on level 1 of the Dungeon)
Missiles
 g - 42 stones {throwing}
 B - 2 javelins {throwing}
Armour
 c - a +0 leather armour (worn)
 f - a +0 robe
   (You found it on level 1 of the Dungeon)
 k - a +0 robe
   (You found it on level 1 of the Dungeon)
 o - a +0 pair of gloves (worn)
   (You found it on level 1 of the Dungeon)
 q - a +0 ring mail
   (You found it on level 2 of the Dungeon)
 A - a +0 ring mail
   (You found it on level 3 of the Dungeon)
Jewellery
 d - a ring of ice
   (You found it on level 1 of the Dungeon)
 n - a ring of flight (left hand)
   (You found it on level 1 of the Dungeon)
 y - a ring of ice
   (You found it on level 2 of the Dungeon)
 z - a +4 ring of protection
   (You found it on level 2 of the Dungeon)
Scrolls
 h - a scroll of brand weapon {unknown}
 i - 2 scrolls of immolation {!r!r}
 j - a scroll of fear {unknown}
 l - 2 scrolls of teleportation {unknown}
 r - 4 scrolls of blinking {unknown}
 s - a scroll of enchant armour {unknown}
 t - a scroll of amnesia {unknown}
 v - 2 scrolls of identify {unknown}
 w - a scroll of noise {unknown}
 x - a scroll of summoning {unknown}
Potions
 e - 3 potions of brilliance {unknown}
 m - a potion of heal wounds {unknown}
 p - 2 potions of haste {unknown}
 u - a potion of curing {unknown}

Dungeon Overview and Level Annotations

Branches:
Dungeon (3/15) Zot: 15851

Altars:
Kikubaaqudgha
Nemelex Xobeh

Shops:
D:1 :

Annotations:
D:3 Ijyb

#............... #
#.#####.##.#._.#
#.###.####...#.......
###..........#.#....###
........####....#.....
###.###.# #####.#####
<##...##.## .#
..........#######.###
###...##.......@gg..#
##. ##########....... #
.#.$.## g# ### .# .# ##


You could see Ijyb and a hobgoblin.


Message History

Done exploring.
Done exploring.
(D) Dungeon
Where to? (Enter - D:2, ? - help)
There is a stone staircase leading down here.
You fly downwards.
There is a stone staircase leading up here.
Unknown command.
Unknown command.
Unknown command.
A - a +0 ring mail You pick up an Everburning Encyclopedia and begin reading...
You add the spells Conjure Flame, Ignite Poison and Sticky Flame to your library.
Unknown command.
A giant cockroach comes into view.
Danger!
You shoot an arrow. The arrow hits the giant cockroach!
You kill the giant cockroach!
No target in view!
No target in view!
g - 42 stones {throwing} (gained 3)
r - 4 scrolls labelled HEMIESTRAV (gained 3)
You now have 107 gold pieces (gained 15).
You now have 114 gold pieces (gained 7).
B - 2 javelins {throwing} A bat comes into view.
Danger!
You shoot an arrow. The arrow hits the bat.
An adder comes into view.
You shoot an arrow. The arrow closely misses the bat.
The bat barely misses you.
A quokka comes into view.
b - a +0 rapier (weapon)
{short} The bat hits you but does no damage.
The bat attacks as you move away! The bat misses you.
The bat barely misses you.
The quokka bites you but does no damage.
The bat hits you but does no damage. The quokka barely misses you.
The bat barely misses you.
You hit the bat.
You kill the bat!
The adder bites you.
You hit the adder. You bite the adder, but do no damage. The adder misses you.
You hit the adder. The adder closely misses you.
The adder bites you but does no damage.
You closely miss the adder. The adder bites you.
You completely miss the adder. You bite the adder.
You kill the adder!
You hit the quokka. Your bite misses the quokka.
The quokka bites you but does no damage.
You hit the quokka but do no damage. Your bite misses the quokka.
The quokka barely misses you.
The quokka bites you but does no damage.
You closely miss the quokka. The quokka closely misses you.
You hit the quokka.
You kill the quokka!
Things that are here:
a quokka corpse; a bat corpse
a - a +0 shortbow (weapon)
{bow}
Found a sparkling altar of Nemelex Xobeh.
Unknown command.
Found a stone staircase leading up.
Unknown command.
v - 2 scrolls labelled VOJAH RIGAGOE (gained 1)
A hobgoblin comes into view.
Danger!
You shoot an arrow. The arrow hits the hobgoblin.
You hear a shout!
Ijyb the Twisted Goblin comes into view.
She is wielding a +0 club and carrying a wand of roots (12).
You shoot an arrow. The arrow hits Ijyb.
You shoot an arrow. The arrow barely misses Ijyb.
Unknown command.
Unknown command.
b - a +0 rapier (weapon)
{short} Unknown command.
You hit Ijyb but do no damage. You bite Ijyb, but do no damage.
Ijyb hits you with a +0 club.
You hit Ijyb but do no damage. Your bite misses Ijyb.
Ijyb completely misses you.
Unknown command.
You barely miss Ijyb.
Ijyb zaps a wand.
The roots erupt in riotous growth!
The grasping roots grab you!
Ijyb is unaffected.
The grasping roots constrict you.
You hear a shout!
You hit Ijyb but do no damage. Ijyb hits you with a +0 club.
The grasping roots constrict you.
* * * LOW HITPOINT WARNING * * *
Unknown command.
You closely miss Ijyb. Ijyb hits you but does no damage.
The grasping roots constrict you.
* * * LOW HITPOINT WARNING * * *
Ijyb hits you with a +0 club.
* * * LOW HITPOINT WARNING * * *
The grasping roots constrict you.
* * * LOW HITPOINT WARNING * * *
You closely miss Ijyb. Ijyb hits you but does no damage.
The grasping roots constrict you.
You die...

Skill      XL: |  1  2  3 |
---------------+----------+-----
Ranged Weapons | 4 5 |  5.4
Fighting       | |  1.7
Dodging        | |  1.5
Stealth        | |  1.2

Action                   |  1- 3 |  4- 6 || total
-------------------------+-------+-------++-------
Melee: Rapier            |    45 |    38 ||    83
       Bite              |    14 |    10 ||    24
       Punch             |       |     1 ||     1
 Fire: Shortbow          |    36 |    29 ||    65
 Stab: Distracted        |     1 |       ||     1
Armor: Leather armour    |    15 |    17 ||    32
Dodge: Dodged            |    35 |    23 ||    58

Levels and vault maps discovered:
D:1:      elethiomel_arrival_maze, layout_loops_ring,
          hellmonk_ecumenical_altar_blasted, st_stairs_3, minmay_liquid_box,
          nicolae_shop_vocational
D:2:      layout_basic, basic_altar, minmay_misc_feat_rugged, minmay_circle_x
D:3:      layout_loops_ring, mainiacjoe_overflow_tiny_flanked,
          kennysheep_generic_room_14, uniq_ijyb

Notes
Turn   | Place    | Note
-------+----------+-------------------------------------------
     0 | D:1      | Sobieck the Vine Stalker Hunter began the quest for the
                  | Orb.
     0 | D:1      | Reached XP level 1. HP: 11/11 MP: 2/2
   304 | D:1      | Found Atosun's Vocational Training.
   318 | D:1      | Reached skill level 4 in Ranged Weapons
   318 | D:1      | Reached XP level 2. HP: 15/15 MP: 3/3
   440 | D:1      | Reached XP level 3. HP: 7/18 MP: 4/4
   784 | D:1      | Found a faded altar of an unknown god.
  1367 | D:2      | Found an ancient bone altar of Kikubaaqudgha.
  1392 | D:2      | Reached skill level 5 in Ranged Weapons
  1392 | D:2      | Gained mutation: Your natural rate of healing is unusually
                  | fast. [Vine Stalker growth]
  1392 | D:2      | Reached XP level 4. HP: 23/23 MP: 5/5
  2025 | D:3      | You add the spells Conjure Flame, Ignite Poison and Sticky
                  | Flame to your library.
  2096 | D:3      | Found a sparkling altar of Nemelex Xobeh.
  2122 | D:3      | Noticed Ijyb
  2131 | D:3      | HP: 3/23 [Ijyb/+0 club (5)]
  2132 | D:3      | Constricted to death by Ijyb

Vanquished Creatures
  4 adders
  4 dart slugs
  3 ball pythons
  2 endoplasms (D:2)
  5 giant cockroaches
  7 goblins
  3 hobgoblins (D:2)
  9 jackals (D:1)
  6 kobolds
  A quokka (D:3)
  4 bats
  6 frilled lizards
  2 rats
56 creatures vanquished.

Table legend:
 A = Non-vault XP
 B = Vault XP
 C = Vault XP percentage of total XP
 D = Non-vault monster count
 E = Vault monster count
 F = Vault count percentage of total count
                 A         B        C        D         E       F
            +---------+---------+-------+---------+---------+-------
      Total |     134 |      13 |   8.8 |      49 |       7 |  12.5
            +---------+---------+-------+---------+---------+-------
        D:1 |      47 |       3 |   6.0 |      28 |       2 |   6.7
        D:2 |      69 |      10 |  12.7 |      17 |       5 |  22.7
        D:3 |      18 |       0 |   0.0 |       4 |       0 |   0.0
            +---------+---------+-------+---------+---------+-------

Illustrated notes

Table legend:
 A = Kills in this place as a percentage of kills in entire the game.
 B = Kills by you in this place as a percentage of kills by you in the entire game.
 C = Kills by friends in this place as a percentage of kills by friends in the entire game.
 D = Other kills in this place as a percentage of other kills in the entire game.
 E = Experience gained in this place as a percentage of experience gained in the entire game.
 F = Experience gained in this place divided by the number of levels of this place that you have seen.
                   A       B       C       D       E      F
               +-------+-------+-------+-------+-------+----------------------
         Total | 100.0 | 100.0 |   N/A |   N/A | 100.0 |  49.0
       Dungeon | 100.0 | 100.0 |   N/A |   N/A | 100.0 |  49.0
               +-------+-------+-------+-------+-------+----------------------

Table legend: (Time is in decaauts)
 A = Elapsed time spent in this place.
 B = Non-inter-level travel time spent in this place.
 C = Inter-level travel time spent in this place.
 D = Time resting spent in this place.
 E = Time spent auto-exploring this place.
 F = Levels seen in this place.
 G = Mean time per level.
                   A        B        C        D        E       F      G
               +--------+--------+--------+--------+--------+-----+--------+
         Total |   2147 |   2079 |     68 |    351 |   1423 |   3 |  715.7 |
       Dungeon |   2147 |   2079 |     68 |    351 |   1423 |   3 |  715.7 |
               +--------+--------+--------+--------+--------+-----+--------+

Top non-repeatable levels by time:
     D:1: 1154 daAuts
     D:2: 878 daAuts
     D:3: 114 daAuts
